Workbook

Sheet ORÇAMENTO
D3: UNIVERSIDADE ESTADUAL DO NORTE DO PARANÁ
D4: CNPJ: 08.885.100/0001-54 | L4: BDI | M4: =BDI!F28 -> 0.19951689
D5: OBRA: ADEQUAÇÕES NO ESTACIONAMENTO BIBLIOTECA - CCP | L5: BDI dif. | M5: =BDI!F55 -> 0.10912048
D6: Local: CAMPUS CORNÉLIO PROCÓPIO
D7: Data do orçamento: | L7: Total S/BDI | M7: =M8/(1+M4) -> 0
D8: SINAPI_Referencia_PR_202608_SEM_DESONERAÇÃO | L8: Total c/BDI | M8: =SUM(N12:N95) -> 0 | N8: =SUM(N11:N89) -> 0
D9: INSERIR DADOS DA EMPRESA
A11: ITEM | B11: RESUMO | C11: CÓDIGO | D11: DESCRIÇÃO DOS SERVIÇOS | E11: UN | F11: QTD | G11: UNITÁRIO (SEM BDI) | J11: TOTAL (Valores sem BDI) | M11: VALOR TOTAL C/ BDI
G12: MATERIAL + EQ | H12: MÃO DE OBRA | I12: TOTAL | J12: MATERIAL | K12: MÃO DE OBRA | L12: TOTAL
A13: 1 | B13: SERVIÇOS ADMINISTRATIVOS | J13: =SUM(J14:J16) -> 0 | K13: =SUM(K14:K16) -> 0 | L13: =SUM(L14:L16) -> 0 | M13: =SUM(M14:M16) -> 0 | N13: =M13 -> 0 | Q13: =IF(H13=0,"n0","n1") -> n0 | R13: =IF(Q13="n0",R12+1,0) -> 1 | S13: =IF(Q13="n0",0,S12+1) -> 0
A14: 1.1 | B14: ACOMPANHAMENTO TÉCNICO | C14: 90778 | D14: ENGENHEIRO CIVIL DE OBRA PLENO COM ENCARGOS COMPLEMENTARES | E14: H | F14: 40 | I14: =SUM(G14:H14) -> 0 | J14: =G14*F14 -> 0 | K14: =H14*F14 -> 0 | L14: =J14+K14 -> 0 | M14: =ROUND(L14*(1+$M$4),2) -> 0 | Q14: =IF(H14=0,"n0","n1") -> n0 | R14: =IF(Q14="n1",R13,R13+1) -> 2 | S14: =IF(Q14="n0",0,S13+1) -> 0
A15: 1.2 | B15: CANTEIRO DE OBRAS | C15: 105115 | D15: INSTALAÇÃO E DESINSTALAÇÃO MECANIZADA DE CONTÊINER OU MÓDULO HABITÁVEL DE USOS DIVERSOS. AF_03/2024 | E15: UN | F15: 2 | I15: =SUM(G15:H15) -> 0 | J15: =G15*F15 -> 0 | K15: =H15*F15 -> 0 | L15: =J15+K15 -> 0 | M15: =ROUND(L15*(1+$M$4),2) -> 0 | Q15: =IF(H15=0,"n0","n1") -> n0 | R15: =IF(Q15="n1",R14,R14+1) -> 3 | S15: =IF(Q15="n0",0,S14+1) -> 0
A16: 1.3 | B16: CANTEIRO DE OBRAS | C16: 10776 | D16: LOCACAO DE CONTAINER 2,30 X 6,00 M, ALT. 2,50 M, PARA ESCRITORIO, SEM DIVISORIAS INTERNAS E SEM SANITARIO (NAO INCLUI MOBILIZACAO/DESMOBILIZACAO) | E16: MÊS | F16: 5 | I16: =SUM(G16:H16) -> 0 | J16: =G16*F16 -> 0 | K16: =H16*F16 -> 0 | L16: =J16+K16 -> 0 | M16: =ROUND(L16*(1+$M$4),2) -> 0
A17: 2 | B17: SERVIÇOS PRELIMINARES | J17: =SUM(J19) -> 0 | K17: =SUM(K19) -> 0 | L17: =SUM(L19) -> 0 | M17: =SUM(M18:M19) -> 0 | N17: =M17 -> 0 | Q17: =IF(H17=0,"n0","n1") -> n0 | R17: =IF(Q17="n1",#REF!,#REF!+1) -> #REF! | S17: =IF(Q17="n0",0,#REF!+1) -> 0
A18: 2.1 | B18: REMOÇÃO ESTRUTURA METÁLICA | C18: 97655/ADAPTADO | D18: [ADAPTADO PARA REAPROVEITAMENTO] REMOÇÃO DE TRAMA METÁLICA PARA COBERTURA, DE FORMA MANUAL, SEM REAPROVEITAMENTO. AF_09/2023 | E18: M | F18: 35 | I18: =SUM(G18:H18) -> 0 | J18: =G18*F18 -> 0 | K18: =H18*F18 -> 0 | L18: =J18+K18 -> 0 | M18: =ROUND(L18*(1+$M$4),2) -> 0
A19: 2.2 | B19: GABARITO DE OBRA | C19: 99059 | D19: LOCAÇÃO CONVENCIONAL DE OBRA, UTILIZANDO GABARITO DE TÁBUAS CORRIDAS PONTALETADAS A CADA 2,00M - 2 UTILIZAÇÕES. AF_03/2024 | E19: M | F19: 100 | I19: =SUM(G19:H19) -> 0 | J19: =G19*F19 -> 0 | K19: =H19*F19 -> 0 | L19: =J19+K19 -> 0 | M19: =ROUND(L19*(1+$M$4),2) -> 0 | Q19: =IF(H19=0,"n0","n1") -> n0 | R19: =IF(Q19="n1",R17,R17+1) -> #REF! | S19: =IF(Q19="n0",0,S17+1) -> 0
A20: 3 | B20: MOVIMENTAÇÃO DE TERRA | J20: =SUM(J21:J25) -> 0 | K20: =SUM(K21:K25) -> 0 | L20: =SUM(L21:L25) -> 0 | M20: =SUM(M21:M25) -> 0 | N20: =M20 -> 0 | Q20: =IF(H20=0,"n0","n1") -> n0 | R20: =IF(Q20="n1",R19,R19+1) -> #REF! | S20: =IF(Q20="n0",0,S19+1) -> 0
A21: 3.1 | B21: ESCAVAÇÃO DE VIGAS BALDRAME | C21: 93358 | D21: ESCAVAÇÃO MANUAL DE VALA. AF_09/2024 | E21: M3 | F21: 4.68 | I21: =SUM(G21:H21) -> 0 | J21: =G21*F21 -> 0 | K21: =H21*F21 -> 0 | L21: =J21+K21 -> 0 | M21: =ROUND(L21*(1+$M$4),2) -> 0 | Q21: =IF(H21=0,"n0","n1") -> n0 | R21: =IF(Q21="n1",R20,R20+1) -> #REF! | S21: =IF(Q21="n0",0,S20+1) -> 0
A22: 3.2 | B22: ESCAVAÇÃO DE SAPATAS | C22: 96523 | D22: ESCAVAÇÃO MANUAL PARA BLOCO DE COROAMENTO OU SAPATA (INCLUINDO ESCAVAÇÃO PARA COLOCAÇÃO DE FÔRMAS). AF_01/2024 | E22: M3 | F22: 3.46 | I22: =SUM(G22:H22) -> 0 | J22: =G22*F22 -> 0 | K22: =H22*F22 -> 0 | L22: =J22+K22 -> 0 | M22: =ROUND(L22*(1+$M$4),2) -> 0
A23: 3.3 | B23: REATERRO - VIGAS BALDRAME E SAPATAS | C23: 93382 | D23: REATERRO MANUAL DE VALAS, COM COMPACTADOR DE SOLOS DE PERCUSSÃO. AF_08/2023 | E23: M3 | F23: 4.31 | I23: =SUM(G23:H23) -> 0 | J23: =G23*F23 -> 0 | K23: =H23*F23 -> 0 | L23: =J23+K23 -> 0 | M23: =ROUND(L23*(1+$M$4),2) -> 0 | Q23: =IF(H23=0,"n0","n1") -> n0 | R23: =IF(Q23="n1",R21,R21+1) -> #REF! | S23: =IF(Q23="n0",0,S21+1) -> 0
A24: 3.4 | B24: ESCAVAÇÃO CONDUÍTES ENTERRADOS | C24: 93358 | D24: ESCAVAÇÃO MANUAL DE VALA. AF_09/2024 | E24: M3 | F24: =0.5*0.2*F67 -> 3.982 | I24: =SUM(G24:H24) -> 0 | J24: =G24*F24 -> 0 | K24: =H24*F24 -> 0 | L24: =J24+K24 -> 0 | M24: =ROUND(L24*(1+$M$4),2) -> 0
A25: 3.5 | B25: REATERRO CONDUÍTES ENTERRADOS | C25: 93382 | D25: REATERRO MANUAL DE VALAS, COM COMPACTADOR DE SOLOS DE PERCUSSÃO. AF_08/2023 | E25: M3 | F25: =F24 -> 3.982 | I25: =SUM(G25:H25) -> 0 | J25: =G25*F25 -> 0 | K25: =H25*F25 -> 0 | L25: =J25+K25 -> 0 | M25: =ROUND(L25*(1+$M$4),2) -> 0
A26: 4 | B26: FUNDAÇÃO | J26: =SUM(J27:J38) -> 0 | K26: =SUM(K27:K38) -> 0 | L26: =SUM(L27:L38) -> 0 | M26: =SUM(M27:M38) -> 0 | N26: =M26 -> 0 | Q26: =IF(H26=0,"n0","n1") -> n0 | R26: =IF(Q26="n1",R23,R23+1) -> #REF! | S26: =IF(Q26="n0",0,S23+1) -> 0
A27: 4.1 | B27: ARMAÇÃO DE SAPATAS ISOLADAS | C27: 104918 | D27: ARMAÇÃO DE SAPATA ISOLADA, VIGA BALDRAME E SAPATA CORRIDA UTILIZANDO AÇO CA-50 DE 8 MM - MONTAGEM. AF_01/2024 | E27: KG | F27: 45.46 | I27: =SUM(G27:H27) -> 0 | J27: =G27*F27 -> 0 | K27: =H27*F27 -> 0 | L27: =J27+K27 -> 0 | M27: =ROUND(L27*(1+$M$4),2) -> 0 | Q27: =IF(H27=0,"n0","n1") -> n0 | R27: =IF(Q27="n1",R26,R26+1) -> #REF! | S27: =IF(Q27="n0",0,S26+1) -> 0
A28: 4.2 | B28: ARMAÇÃO DE SAPATAS ISOLADAS | C28: 104919 | D28: ARMAÇÃO DE SAPATA ISOLADA, VIGA BALDRAME E SAPATA CORRIDA UTILIZANDO AÇO CA-50 DE 10 MM - MONTAGEM. AF_01/2024 | E28: KG | F28: 57.66 | I28: =SUM(G28:H28) -> 0 | J28: =G28*F28 -> 0 | K28: =H28*F28 -> 0 | L28: =J28+K28 -> 0 | M28: =ROUND(L28*(1+$M$4),2) -> 0
A29: 4.3 | B29: FÔRMAS DE SAPATAS | C29: 96535 | D29: FABRICAÇÃO, MONTAGEM E DESMONTAGEM DE FÔRMA PARA SAPATA, EM MADEIRA SERRADA, E=25 MM, 4 UTILIZAÇÕES. AF_01/2024 | E29: M2 | F29: 12.48 | I29: =SUM(G29:H29) -> 0 | J29: =G29*F29 -> 0 | K29: =H29*F29 -> 0 | L29: =J29+K29 -> 0 | M29: =ROUND(L29*(1+$M$4),2) -> 0 | Q29: =IF(H29=0,"n0","n1") -> n0 | R29: =IF(Q29="n1",#REF!,#REF!+1) -> #REF! | S29: =IF(Q29="n0",0,#REF!+1) -> 0
A30: 4.4 | B30: LASTRO DE CONCRETO (3 CM) - SAPATAS | C30: 96617 | D30: LASTRO DE CONCRETO MAGRO, APLICADO EM BLOCOS DE COROAMENTO OU SAPATAS, ESPESSURA DE 3 CM. AF_01/2024 | E30: M2 | F30: 5.04 | I30: =SUM(G30:H30) -> 0 | J30: =G30*F30 -> 0 | K30: =H30*F30 -> 0 | L30: =J30+K30 -> 0 | M30: =ROUND(L30*(1+$M$4),2) -> 0 | Q30: =IF(H30=0,"n0","n1") -> n0 | R30: =IF(Q30="n1",#REF!,#REF!+1) -> #REF! | S30: =IF(Q30="n0",0,#REF!+1) -> 0
A31: 4.5 | B31: CONCRETAGEM DAS SAPATAS | C31: 96558 | D31: CONCRETAGEM DE SAPATA, FCK 30 MPA, COM USO DE BOMBA - LANÇAMENTO, ADENSAMENTO E ACABAMENTO. AF_01/2024 | E31: M3 | F31: 2.02 | I31: =SUM(G31:H31) -> 0 | J31: =G31*F31 -> 0 | K31: =H31*F31 -> 0 | L31: =J31+K31 -> 0 | M31: =ROUND(L31*(1+$M$4),2) -> 0 | Q31: =IF(H31=0,"n0","n1") -> n0 | R31: =IF(Q31="n1",R30,R30+1) -> #REF! | S31: =IF(Q31="n0",0,S30+1) -> 0
A32: 4.6 | B32: ARRANQUES DE PILARES PARA ESTRUTURA METÁLICA | C32: COMP-1 | D32: 4 CHUMBADORES MECÂNICOS PARA PILARES, TIPO "L", D = 1'', INCLUSIVE MÃO DE OBRA | E32: UN | F32: 12 | I32: =SUM(G32:H32) -> 0 | J32: =G32*F32 -> 0 | K32: =H32*F32 -> 0 | L32: =J32+K32 -> 0 | M32: =ROUND(L32*(1+$M$4),2) -> 0 | Q32: =IF(H32=0,"n0","n1") -> n0 | R32: =IF(Q32="n1",R31,R31+1) -> #REF! | S32: =IF(Q32="n0",0,S31+1) -> 0
A33: 4.7 | B33: FÔRMAS DAS VIGAS BALDRAME | C33: 96536 | D33: FABRICAÇÃO, MONTAGEM E DESMONTAGEM DE FÔRMA PARA VIGA BALDRAME, EM MADEIRA SERRADA, E=25 MM, 4 UTILIZAÇÕES. AF_01/2024 | E33: M2 | F33: 37.44 | I33: =SUM(G33:H33) -> 0 | J33: =G33*F33 -> 0 | K33: =H33*F33 -> 0 | L33: =J33+K33 -> 0 | M33: =ROUND(L33*(1+$M$4),2) -> 0 | Q33: =IF(H33=0,"n0","n1") -> n0 | R33: =IF(Q33="n1",R32,R32+1) -> #REF! | S33: =IF(Q33="n0",0,S32+1) -> 0
A34: 4.8 | B34: ARMAÇÃO DAS VIGAS BALDRAME | C34: 104919 | D34: ARMAÇÃO DE SAPATA ISOLADA, VIGA BALDRAME E SAPATA CORRIDA UTILIZANDO AÇO CA-50 DE 10 MM - MONTAGEM. AF_01/2024 | E34: KG | F34: 181.4 | I34: =SUM(G34:H34) -> 0 | J34: =G34*F34 -> 0 | K34: =H34*F34 -> 0 | L34: =J34+K34 -> 0 | M34: =ROUND(L34*(1+$M$4),2) -> 0 | Q34: =IF(H34=0,"n0","n1") -> n0 | R34: =IF(Q34="n1",R33,R33+1) -> #REF! | S34: =IF(Q34="n0",0,S33+1) -> 0
A35: 4.9 | B35: ARMAÇÃO DAS VIGAS BALDRAME - ESTRIBOS | C35: 104916 | D35: ARMAÇÃO DE SAPATA ISOLADA, VIGA BALDRAME E SAPATA CORRIDA UTILIZANDO AÇO CA-60 DE 5 MM - MONTAGEM. AF_01/2024 | E35: KG | F35: 42.4 | I35: =SUM(G35:H35) -> 0 | J35: =G35*F35 -> 0 | K35: =H35*F35 -> 0 | L35: =J35+K35 -> 0 | M35: =ROUND(L35*(1+$M$4),2) -> 0 | Q35: =IF(H35=0,"n0","n1") -> n0 | R35: =IF(Q35="n1",R34,R34+1) -> #REF! | S35: =IF(Q35="n0",0,S34+1) -> 0
A36: 4.10 | B36: LASTRO DE BRITA (N1 E N2) PARA VIGAS BALDRAME (5 CM) | C36: 96622 | D36: (ADAPTADO) LASTRO COM MATERIAL GRANULAR, APLICADO EM PISOS OU LAJES SOBRE SOLO, ESPESSURA DE *5 CM*. AF_01/2024 | E36: M3 | F36: 0.47 | I36: =SUM(G36:H36) -> 0 | J36: =G36*F36 -> 0 | K36: =H36*F36 -> 0 | L36: =J36+K36 -> 0 | M36: =ROUND(L36*(1+$M$4),2) -> 0 | Q36: =IF(H36=0,"n0","n1") -> n0 | R36: =IF(Q36="n1",R35,R35+1) -> #REF! | S36: =IF(Q36="n0",0,S35+1) -> 0
A37: 4.11 | B37: CONCRETAGEM DAS VIGAS BALDRAME | C37: 96555 | D37: CONCRETAGEM DE BLOCO DE COROAMENTO OU VIGA BALDRAME, FCK 30 MPA, COM USO DE JERICA - LANÇAMENTO, ADENSAMENTO E ACABAMENTO. AF_01/2024 | E37: M3 | F37: 2.81 | I37: =SUM(G37:H37) -> 0 | J37: =G37*F37 -> 0 | K37: =H37*F37 -> 0 | L37: =J37+K37 -> 0 | M37: =ROUND(L37*(1+$M$4),2) -> 0 | Q37: =IF(H37=0,"n0","n1") -> n0 | R37: =IF(Q37="n1",R36,R36+1) -> #REF! | S37: =IF(Q37="n0",0,S36+1) -> 0
A38: 4.12 | B38: IMPERMEABILIZAÇÃO DAS SAPATAS E VIGAS BALDRAME | C38: 98557 | D38: IMPERMEABILIZAÇÃO DE SUPERFÍCIE COM EMULSÃO ASFÁLTICA, 2 DEMÃOS. AF_09/2023 | E38: M2 | F38: 49.92 | I38: =SUM(G38:H38) -> 0 | J38: =G38*F38 -> 0 | K38: =H38*F38 -> 0 | L38: =J38+K38 -> 0 | M38: =ROUND(L38*(1+$M$4),2) -> 0 | Q38: =IF(H38=0,"n0","n1") -> n0 | R38: =IF(Q38="n1",R37,R37+1) -> #REF! | S38: =IF(Q38="n0",0,S37+1) -> 0
A39: 5 | B39: ESTRUTURA METÁLICA | J39: =SUM(J40:J50) -> 0 | K39: =SUM(K40:K50) -> 0 | L39: =SUM(L40:L50) -> 0 | M39: =SUM(M40:M50) -> 0 | N39: =M39 -> 0 | Q39: =IF(H39=0,"n0","n1") -> n0 | R39: =IF(Q39="n1",R38,R38+1) -> #REF! | S39: =IF(Q39="n0",0,S38+1) -> 0
A40: 5.1 | B40: PILARES TRELIÇADOS | C40: COMP-2 | D40: PILARES METÁLICOS, TIPO TRELIÇADO, COM LIGAÇÕES SOLDADAS, INCLUSOS PERFIS METÁLICOS, CHAPAS METÁLICAS, PINTURA COM TINTA ALQUÍDICA DE FUNDO, MÃO DE OBRA E TRANSPORTE COM GUINDASTE - FORNECIMENTO E INSTALAÇÃO | E40: KG | F40: 490.53 | I40: ='COMPOSIÇÃO'!K34 -> 0 | J40: =G40*F40 -> 0 | K40: =H40*F40 -> 0 | L40: =J40+K40 -> 0 | M40: =ROUND(L40*(1+$M$4),2) -> 0 | Q40: =IF(H40=0,"n0","n1") -> n0 | R40: =IF(Q40="n1",#REF!,#REF!+1) -> #REF! | S40: =IF(Q40="n0",0,#REF!+1) -> 0
A41: 5.2 | B41: TERÇAS METÁLICAS | C41: 92580 | D41: TRAMA DE AÇO COMPOSTA POR TERÇAS PARA TELHADOS DE ATÉ 2 ÁGUAS PARA TELHA ONDULADA DE FIBROCIMENTO, METÁLICA, PLÁSTICA OU TERMOACÚSTICA, INCLUSO TRANSPORTE VERTICAL. AF_07/2019 | E41: M2 | F41: 142.32 | I41: =SUM(G41:H41) -> 0 | J41: =G41*F41 -> 0 | K41: =H41*F41 -> 0 | L41: =J41+K41 -> 0 | M41: =ROUND(L41*(1+$M$4),2) -> 0 | Q41: =IF(H41=0,"n0","n1") -> n0 | R41: =IF(Q41="n1",R40,R40+1) -> #REF! | S41: =IF(Q41="n0",0,S40+1) -> 0
A42: 5.3 | B42: TELHAMENTO | C42: 94213 | D42: TELHAMENTO COM TELHA DE AÇO/ALUMÍNIO E = 0,5 MM, COM ATÉ 2 ÁGUAS, INCLUSO IÇAMENTO. AF_07/2019 | E42: M2 | F42: 142.32 | I42: =SUM(G42:H42) -> 0 | J42: =G42*F42 -> 0 | K42: =H42*F42 -> 0 | L42: =J42+K42 -> 0 | M42: =ROUND(L42*(1+$M$4),2) -> 0 | Q42: =IF(H42=0,"n0","n1") -> n0 | R42: =IF(Q42="n1",R41,R41+1) -> #REF! | S42: =IF(Q42="n0",0,S41+1) -> 0
A43: 5.4 | B43: TELHAS DE FECHAMENTO LATERAL | C43: 94213 | D43: TELHAMENTO COM TELHA DE AÇO/ALUMÍNIO E = 0,5 MM, COM ATÉ 2 ÁGUAS, INCLUSO IÇAMENTO. AF_07/2019 | E43: M2 | F43: 11.62 | I43: =SUM(G43:H43) -> 0 | J43: =G43*F43 -> 0 | K43: =H43*F43 -> 0 | L43: =J43+K43 -> 0 | M43: =ROUND(L43*(1+$M$4),2) -> 0 | Q43: =IF(H43=0,"n0","n1") -> n0 | R43: =IF(Q43="n1",R42,R42+1) -> #REF! | S43: =IF(Q43="n0",0,S42+1) -> 0
A44: 5.5 | B44: RUFO PARA ACABAMENTO DO FECHAMENTO LATERAL | C44: 94231 | D44: RUFO EM CHAPA DE AÇO GALVANIZADO NÚMERO 24, CORTE DE 25 CM, INCLUSO TRANSPORTE VERTICAL. AF_07/2019 | E44: M | F44: 23.25 | I44: =SUM(G44:H44) -> 0 | J44: =G44*F44 -> 0 | K44: =H44*F44 -> 0 | L44: =J44+K44 -> 0 | M44: =ROUND(L44*(1+$M$4),2) -> 0 | Q44: =IF(H44=0,"n0","n1") -> n0 | R44: =IF(Q44="n1",R43,R43+1) -> #REF! | S44: =IF(Q44="n0",0,S43+1) -> 0
A45: 5.6 | B45: TRELIÇA PARA FECHAMENTO LATERAL | C45: COMP - 3 | D45: VIGAS METÁLICAS, TIPO TRELIÇADA, COM LIGAÇÕES SOLDADAS, INCLUSOS PERFIS METÁLICOS, CHAPAS METÁLICAS, PINTURA COM TINTA ALQUÍDICA DE FUNDO, MÃO DE OBRA E TRANSPORTE COM GUINDASTE - FORNECIMENTO E INSTALAÇÃO | E45: KG | F45: 350.25 | I45: ='COMPOSIÇÃO'!K49 -> 0 | J45: =G45*F45 -> 0 | K45: =H45*F45 -> 0 | L45: =J45+K45 -> 0 | M45: =ROUND(L45*(1+$M$4),2) -> 0 | Q45: =IF(H45=0,"n0","n1") -> n0 | R45: =IF(Q45="n1",R44,R44+1) -> #REF! | S45: =IF(Q45="n0",0,S44+1) -> 0
A46: 5.7 | B46: TESOURAS - COBERTURA TIPO SHED | C46: COMP-4 | D46: TESOURA METÁLICA TRELIÇADA DE COBERTURA, COM LIGAÇÕES SOLDADAS, INCLUSOS PERFIS METÁLICOS, CHAPAS METÁLICAS, PINTURA COM TINTA ALQUÍDICA DE FUNDO, MÃO DE OBRA E TRANSPORTE COM GUINDASTE - FORNECIMENTO E INSTALAÇÃO. | E46: KG | F46: 420.61 | I46: ='COMPOSIÇÃO'!K64 -> 0 | J46: =G46*F46 -> 0 | K46: =H46*F46 -> 0 | L46: =J46+K46 -> 0 | M46: =ROUND(L46*(1+$M$4),2) -> 0 | Q46: =IF(H46=0,"n0","n1") -> n0 | R46: =IF(Q46="n1",R45,R45+1) -> #REF! | S46: =IF(Q46="n0",0,S45+1) -> 0
A47: 5.8 | B47: CONTRAVENTAMENTO | C47: 43055 | D47: ACO CA-50 12,5 MM OU 16,0 MM, VERGALHÃO | E47: KG | F47: 102.28 | I47: =SUM(G47:H47) -> 0 | J47: =G47*F47 -> 0 | K47: =H47*F47 -> 0 | L47: =J47+K47 -> 0 | M47: =ROUND(L47*(1+$M$4),2) -> 0
A48: 5.9 | B48: CALHAS DA ESTRUTURA TIPO 2 | C48: 94229 | D48: CALHA EM CHAPA DE AÇO GALVANIZADO NÚMERO 24, DESENVOLVIMENTO DE 100 CM, INCLUSO TRANSPORTE VERTICAL. AF_07/2019 | E48: M | F48: =7.8*2 -> 15.6 | I48: =SUM(G48:H48) -> 0 | J48: =G48*F48 -> 0 | K48: =H48*F48 -> 0 | L48: =J48+K48 -> 0 | M48: =ROUND(L48*(1+$M$4),2) -> 0
A49: 5.10 | B49: CONDUTOR DAS CALHAS | C49: 89578 | D49: TUBO PVC, SÉRIE R, ÁGUA PLUVIAL, DN 100 MM, FORNECIDO E INSTALADO EM CONDUTORES VERTICAIS DE ÁGUAS PLUVIAIS. AF_06/2022 | E49: M | F49: =(2.7*6)+6 -> 22.2 | I49: =SUM(G49:H49) -> 0 | J49: =G49*F49 -> 0 | K49: =H49*F49 -> 0 | L49: =J49+K49 -> 0 | M49: =ROUND(L49*(1+$M$4),2) -> 0
A50: 5.11 | B50: CONEXÕES PLUVIAIS | C50: 89584 | D50: JOELHO 90 GRAUS, PVC, SERIE R, ÁGUA PLUVIAL, DN 100 MM, JUNTA ELÁSTICA, FORNECIDO E INSTALADO EM CONDUTORES VERTICAIS DE ÁGUAS PLUVIAIS. AF_06/2022 | E50: UN | F50: 12 | I50: =SUM(G50:H50) -> 0 | J50: =G50*F50 -> 0 | K50: =H50*F50 -> 0 | L50: =J50+K50 -> 0 | M50: =ROUND(L50*(1+$M$4),2) -> 0
A51: 6 | B51: PISO | J51: =SUM(J52:J55) -> 0 | K51: =SUM(K52:K55) -> 0 | L51: =SUM(L52:L55) -> 0 | M51: =SUM(M52:M55) -> 0 | N51: =M51 -> 0 | Q51: =IF(H51=0,"n0","n1") -> n0 | R51: =IF(Q51="n1",R45,R45+1) -> #REF! | S51: =IF(Q51="n0",0,#REF!+1) -> 0
A52: 6.1 | B52: ESCAVAÇÃO P/ PISO | C52: 93358 | D52: ESCAVAÇÃO MANUAL DE VALA. AF_09/2024 | E52: M3 | F52: 15.53 | I52: =SUM(G52:H52) -> 0 | J52: =G52*F52 -> 0 | K52: =H52*F52 -> 0 | L52: =J52+K52 -> 0 | M52: =ROUND(L52*(1+$M$4),2) -> 0
A53: 6.2 | B53: PREPARO DO LOCAL | C53: 97083 | D53: COMPACTAÇÃO MECÂNICA DE SOLO PARA EXECUÇÃO DE RADIER, PISO DE CONCRETO OU LAJE SOBRE SOLO, COM COMPACTADOR DE SOLOS A PERCUSSÃO. AF_07/2026 | E53: M2 | F53: 119.46 | I53: =SUM(G53:H53) -> 0 | J53: =G53*F53 -> 0 | K53: =H53*F53 -> 0 | L53: =J53+K53 -> 0 | M53: =ROUND(L53*(1+$M$4),2) -> 0 | Q53: =IF(H53=0,"n0","n1") -> n0 | R53: =IF(Q53="n1",#REF!,#REF!+1) -> #REF! | S53: =IF(Q53="n0",0,#REF!+1) -> 0
A54: 6.3 | B54: LASTRO DE BRITA E=5CM | C54: 96622 | D54: LASTRO COM MATERIAL GRANULAR, APLICADO EM PISOS OU LAJES SOBRE SOLO, ESPESSURA DE *5 CM*. AF_01/2024 | E54: M3 | F54: 5.97 | I54: =SUM(G54:H54) -> 0 | J54: =G54*F54 -> 0 | K54: =H54*F54 -> 0 | L54: =J54+K54 -> 0 | M54: =ROUND(L54*(1+$M$4),2) -> 0 | Q54: =IF(H54=0,"n0","n1") -> n0 | R54: =IF(Q54="n1",R53,R53+1) -> #REF! | S54: =IF(Q54="n0",0,S53+1) -> 0
A55: 6.4 | B55: EXECUÇÃO DO PISO DAS VAGAS | C55: 94995 | D55: EXECUÇÃO DE PASSEIO (CALÇADA) OU PISO DE CONCRETO COM CONCRETO MOLDADO IN LOCO, USINADO, ACABAMENTO CONVENCIONAL, ESPESSURA 8 CM, ARMADO. AF_08/2022 | E55: M2 | F55: 119.46 | I55: =SUM(G55:H55) -> 0 | J55: =G55*F55 -> 0 | K55: =H55*F55 -> 0 | L55: =J55+K55 -> 0 | M55: =ROUND(L55*(1+$M$4),2) -> 0 | Q55: =IF(H55=0,"n0","n1") -> n0 | R55: =IF(Q55="n1",R54,R54+1) -> #REF! | S55: =IF(Q55="n0",0,S54+1) -> 0
A56: 7 | B56: INSTALAÇÕES ELÉTRICAS | J56: =SUM(J57:J67) -> 0 | K56: =SUM(K57:K67) -> 0 | L56: =SUM(L57:L67) -> 0 | M56: =SUM(M57:M67) -> 0 | N56: =M56 -> 0 | Q56: =IF(H56=0,"n0","n1") -> n0 | R56: =IF(Q56="n1",#REF!,#REF!+1) -> #REF! | S56: =IF(Q56="n0",0,#REF!+1) -> 0
A57: 7.1 | B57: DISJUNTOR 10A - ILUMINAÇÃO | C57: 93660 | D57: DISJUNTOR BIPOLAR TIPO DIN, CORRENTE NOMINAL DE 10A - FORNECIMENTO E INSTALAÇÃO. AF_07/2025 | E57: UN | F57: 3 | I57: =SUM(G57:H57) -> 0 | J57: =G57*F57 -> 0 | K57: =H57*F57 -> 0 | L57: =J57+K57 -> 0 | M57: =ROUND(L57*(1+$M$4),2) -> 0 | Q57: =IF(H57=0,"n0","n1") -> n0 | R57: =IF(Q57="n1",R56,R56+1) -> #REF! | S57: =IF(Q57="n0",0,S56+1) -> 0
A58: 7.2 | B58: ELETRODUTOS INCLUSO DESVIOS - ILUMINAÇÃO | C58: 91871 | D58: ELETRODUTO RÍGIDO ROSCÁVEL, PVC, DN 25 MM (3/4"), PARA CIRCUITOS TERMINAIS, INSTALADO EM PAREDE - FORNECIMENTO E INSTALAÇÃO. AF_03/2023 | E58: M | F58: 40.86 | I58: =SUM(G58:H58) -> 0 | J58: =G58*F58 -> 0 | K58: =H58*F58 -> 0 | L58: =J58+K58 -> 0 | M58: =ROUND(L58*(1+$M$4),2) -> 0 | Q58: =IF(H58=0,"n0","n1") -> n0 | R58: =IF(Q58="n1",#REF!,#REF!+1) -> #REF! | S58: =IF(Q58="n0",0,#REF!+1) -> 0
A59: 7.3 | B59: FIAÇÃO - ILUMINAÇÃO | C59: 91925 | D59: CABO DE COBRE FLEXÍVEL ISOLADO, 1,5 MM², ANTI-CHAMA 0,6/1,0 KV, PARA CIRCUITOS TERMINAIS - FORNECIMENTO E INSTALAÇÃO. AF_03/2023 | E59: M | F59: =(50.54+40.72+90.62)*1.05 -> 190.974 | I59: =SUM(G59:H59) -> 0 | J59: =G59*F59 -> 0 | K59: =H59*F59 -> 0 | L59: =J59+K59 -> 0 | M59: =ROUND(L59*(1+$M$4),2) -> 0 | Q59: =IF(H59=0,"n0","n1") -> n0 | R59: =IF(Q59="n1",#REF!,#REF!+1) -> #REF! | S59: =IF(Q59="n0",0,#REF!+1) -> 0
A60: 7.4 | B60: CONDULETE DE PASSAGEM - ILUMINAÇÃO | C60: 104399 | D60: CONDULETE DE PVC, TIPO LR, PARA ELETRODUTO DE PVC SOLDÁVEL DN 25 MM (3/4''), APARENTE - FORNECIMENTO E INSTALAÇÃO. AF_01/2026 | E60: UN | F60: 3 | I60: =SUM(G60:H60) -> 0 | J60: =G60*F60 -> 0 | K60: =H60*F60 -> 0 | L60: =J60+K60 -> 0 | M60: =ROUND(L60*(1+$M$4),2) -> 0 | Q60: =IF(H60=0,"n0","n1") -> n0 | R60: =IF(Q60="n1",#REF!,#REF!+1) -> #REF! | S60: =IF(Q60="n0",0,#REF!+1) -> 0
A61: 7.5 | B61: CONDULETE DE PASSAGEM - ILUMINAÇÃO | C61: 95811 | D61: CONDULETE DE PVC, TIPO LB, PARA ELETRODUTO DE PVC SOLDÁVEL DN 25 MM (3/4''), APARENTE - FORNECIMENTO E INSTALAÇÃO. AF_01/2026 | E61: UN | F61: 3 | I61: =SUM(G61:H61) -> 0 | J61: =G61*F61 -> 0 | K61: =H61*F61 -> 0 | L61: =J61+K61 -> 0 | M61: =ROUND(L61*(1+$M$4),2) -> 0
A62: 7.6 | B62: CONDULETE DE PASSAGEM - ILUMINAÇÃO | C62: 104396 | D62: CONDULETE DE PVC, TIPO E, PARA ELETRODUTO DE PVC SOLDÁVEL DN 25 MM (3/4''), APARENTE - FORNECIMENTO E INSTALAÇÃO. AF_01/2026 | E62: UN | F62: 3 | I62: =SUM(G62:H62) -> 0 | J62: =G62*F62 -> 0 | K62: =H62*F62 -> 0 | L62: =J62+K62 -> 0 | M62: =ROUND(L62*(1+$M$4),2) -> 0
A63: 7.7 | B63: LUMINÁRIA 2 LÂMPADAS 20W | C63: 13031/ORSE | D63: LUMINÁRIA TUBULAR COM LÂMPADA LED DE 2 X 18/20 W / BIVOLT | E63: UN | F63: 3 | I63: =SUM(G63:H63) -> 0 | J63: =G63*F63 -> 0 | K63: =H63*F63 -> 0 | L63: =J63+K63 -> 0 | M63: =ROUND(L63*(1+$M$4),2) -> 0 | Q63: =IF(H63=0,"n0","n1") -> n0 | R63: =IF(Q63="n1",R60,R60+1) -> #REF! | S63: =IF(Q63="n0",0,S60+1) -> 0
A64: 7.8 | B64: SENSOR DE PRESENÇA | C64: 97596 | D64: SENSOR DE PRESENÇA SEM FOTOCÉLULA, FIXAÇÃO EM ESTRUTURA METÁLICA - FORNECIMENTO E INSTALAÇÃO. AF_09/2024 (ADAPTADO) | E64: UN | F64: 3 | I64: =SUM(G64:H64) -> 0 | J64: =G64*F64 -> 0 | K64: =H64*F64 -> 0 | L64: =J64+K64 -> 0 | M64: =ROUND(L64*(1+$M$4),2) -> 0 | Q64: =IF(H64=0,"n0","n1") -> n0 | R64: =IF(Q64="n1",R63,R63+1) -> #REF! | S64: =IF(Q64="n0",0,S63+1) -> 0
A65: 7.9 | B65: REFLETOR LED 60W | C65: 13905/ORSE | D65: REFLETOR EM LED, 60W, ÂNGULO 120°, 3000K, BIVOLTS, REF. SLIM50-AM-3750 OU SIMILAR | E65: UN | F65: 3 | I65: =SUM(G65:H65) -> 0 | J65: =G65*F65 -> 0 | K65: =H65*F65 -> 0 | L65: =J65+K65 -> 0 | M65: =ROUND(L65*(1+$M$4),2) -> 0 | Q65: =IF(H65=0,"n0","n1") -> n0 | R65: =IF(Q65="n1",#REF!,#REF!+1) -> #REF! | S65: =IF(Q65="n0",0,#REF!+1) -> 0
A66: 7.10 | B66: RELÉ FOTOELÉTRICO PARA REFLETORES | C66: 101632 | D66: RELÉ FOTOELÉTRICO PARA COMANDO DE ILUMINAÇÃO EXTERNA 1000 W - FORNECIMENTO E INSTALAÇÃO. AF_02/2025 | E66: UN | F66: 3 | I66: =SUM(G66:H66) -> 0 | J66: =G66*F66 -> 0 | K66: =H66*F66 -> 0 | L66: =J66+K66 -> 0 | M66: =ROUND(L66*(1+$M$4),2) -> 0 | Q66: =IF(H66=0,"n0","n1") -> n0 | R66: =IF(Q66="n1",R65,R65+1) -> #REF! | S66: =IF(Q66="n0",0,S65+1) -> 0
A67: 7.11 | B67: CONDUÍTE ENTERRADO | C67: 97667 | D67: ELETRODUTO FLEXÍVEL CORRUGADO, PEAD, DN 50 (1 1/2"), PARA REDE ENTERRADA DE DISTRIBUIÇÃO DE ENERGIA ELÉTRICA - FORNECIMENTO E INSTALAÇÃO. AF_12/2021 | E67: M | F67: 39.82 | I67: =SUM(G67:H67) -> 0 | J67: =G67*F67 -> 0 | K67: =H67*F67 -> 0 | L67: =J67+K67 -> 0 | M67: =ROUND(L67*(1+$M$4),2) -> 0
A68: 8 | B68: PINTURAS | J68: =SUM(J69:J71) -> 0 | K68: =SUM(K69:K71) -> 0 | L68: =SUM(L69:L71) -> 0 | M68: =SUM(M69:M71) -> 0 | N68: =M68 -> 0 | Q68: =IF(H68=0,"n0","n1") -> n0 | R68: =IF(Q68="n1",R66,R66+1) -> #REF! | S68: =IF(Q68="n0",0,S66+1) -> 0
A69: 8.1 | B69: LIMPEZA DE PISO PARA PINTURA | C69: 99814 | D69: LIMPEZA DE SUPERFÍCIE PISO OU PAREDE COM JATO DE ALTA PRESSÃO. AF_10/2025 | E69: M2 | F69: 119.46 | I69: =SUM(G69:H69) -> 0 | J69: =G69*F69 -> 0 | K69: =H69*F69 -> 0 | L69: =J69+K69 -> 0 | M69: =ROUND(L69*(1+$M$4),2) -> 0 | Q69: =IF(H69=0,"n0","n1") -> n0 | R69: =IF(Q69="n1",#REF!,#REF!+1) -> #REF! | S69: =IF(Q69="n0",0,#REF!+1) -> 0
A70: 8.2 | B70: PINTURA DE LINHAS - PISO COBERTO | C70: 102491 | D70: PINTURA DE PISO COM TINTA ACRÍLICA, APLICAÇÃO MANUAL, 2 DEMÃOS, INCLUSO FUNDO PREPARADOR. AF_05/2021 | E70: M2 | F70: 3 | I70: =SUM(G70:H70) -> 0 | J70: =G70*F70 -> 0 | K70: =H70*F70 -> 0 | L70: =J70+K70 -> 0 | M70: =ROUND(L70*(1+$M$4),2) -> 0 | Q70: =IF(H70=0,"n0","n1") -> n0 | R70: =IF(Q70="n1",R69,R69+1) -> #REF! | S70: =IF(Q70="n0",0,S69+1) -> 0
A71: 8.3 | B71: PINTURA ZEBRADA EM AMARELO NOS PILARES (H: 1,50m) | C71: 100723 | D71: PINTURA COM TINTA ALQUIDICA DE FUNDO E ACABAMENTO (ESMALTE SINTETICO GRAFITE) PULVERIZADA SOBRE PERFIL METALICO EXECUTADO EM FABRICA (POR DEMAO). AF_01/2020 | E71: M2 | F71: 3.6 | I71: =SUM(G71:H71) -> 0 | J71: =G71*F71 -> 0 | K71: =H71*F71 -> 0 | L71: =J71+K71 -> 0 | M71: =ROUND(L71*(1+$M$4),2) -> 0 | Q71: =IF(H71=0,"n0","n1") -> n0 | R71: =IF(Q71="n1",R70,R70+1) -> #REF! | S71: =IF(Q71="n0",0,S70+1) -> 0
A72: 9 | B72: FINALIZAÇÕES | J72: =SUM(J73:J75) -> 0 | K72: =SUM(K73:K75) -> 0 | L72: =SUM(L73:L75) -> 0 | M72: =SUM(M73:M75) -> 0 | N72: =M72 -> 0 | Q72: =IF(H72=0,"n0","n1") -> n0 | R72: =IF(Q72="n1",R70,R70+1) -> #REF! | S72: =IF(Q72="n0",0,#REF!+1) -> 0
A73: 9.1 | B73: LIMPEZA DE OBRA | C73: 02450/ORSE | D73: LIMPEZA GERAL | E73: M2 | F73: 142.32 | I73: =SUM(G73:H73) -> 0 | J73: =G73*F73 -> 0 | K73: =H73*F73 -> 0 | L73: =J73+K73 -> 0 | M73: =ROUND(L73*(1+$M$4),2) -> 0 | Q73: =IF(H73=0,"n0","n1") -> n0 | R73: =IF(Q73="n1",R72,R72+1) -> #REF! | S73: =IF(Q73="n0",0,S72+1) -> 0
A74: 9.2 | B74: RETIRADA DE ENTULHO | C74: 100982 | D74: CARGA, MANOBRA E DESCARGA DE ENTULHO EM CAMINHÃO BASCULANTE 10 M³ - CARGA COM ESCAVADEIRA HIDRÁULICA (CAÇAMBA DE 0,80 M³ / 111 HP) E DESCARGA LIVRE (UNIDADE: M3). AF_02/2026 | E74: M3 | F74: 20 | I74: =SUM(G74:H74) -> 0 | J74: =G74*F74 -> 0 | K74: =H74*F74 -> 0 | L74: =J74+K74 -> 0 | M74: =ROUND(L74*(1+$M$4),2) -> 0 | Q74: =IF(H74=0,"n0","n1") -> n0 | R74: =IF(Q74="n1",R73,R73+1) -> #REF! | S74: =IF(Q74="n0",0,S73+1) -> 0
A75: 9.3 | B75: RETIRADA DE ENTULHO | C75: 95875 | D75: TRANSPORTE COM CAMINHÃO BASCULANTE DE 10 M³, EM VIA URBANA PAVIMENTADA, DMT ATÉ 30 KM (UNIDADE: M3XKM). AF_02/2026 | E75: M3XKM | F75: 110 | I75: =SUM(G75:H75) -> 0 | J75: =G75*F75 -> 0 | K75: =H75*F75 -> 0 | L75: =J75+K75 -> 0 | M75: =ROUND(L75*(1+$M$4),2) -> 0
D80: ASSINAR A PROPOSTA

Sheet COMPOSIÇÃO
B2: UNIVERSIDADE ESTADUAL DO NORTE DO PARANÁ
B3: CNPJ: 08.885.100/0001-54
B4: OBRA: ADEQUAÇÕES NO ESTACIONAMENTO BIBLIOTECA - CCP
B5: Local: CAMPUS CORNÉLIO PROCÓPIO
B6: Data do orçamento:
B7: SINAPI_Referencia_PR_202608_SEM_DESONERAÇÃO
B8: INSERIR DADOS DA EMPRESA
A10: COMPOSIÇÕES UENP - BASE SINAPI
A12: COMP - 1
A13: 4 CHUMBADORES MECÂNICOS PARA PILARES, TIPO "L", D = 1'', INCLUSIVE MÃO DE OBRA
A14: DESCRIÇÃO | B14: CHUMBADORES EM "L" PARA FIXAÇÃO DOS PILARES TRELIÇADOS | H14: UNIDADE | I14: UN
B15: COD | D15: UN | E15: QTD | F15: VALOR MAT+EQ | G15: VALOR M.O | H15: VALOR UN | I15: VT MAT+EQ | J15: VT M.O | K15: VT
A16: SINAPI-I | B16: 39746 | C16: CHUMBADOR DE ACO, 1'' X 600 MM, PARA POSTES DE ACO COM BASE, INCLUSO PORCA E ARRUELA | D16: UN | E16: 4 | H16: =F16+G16 -> 0 | I16: =F16*E16 -> 0 | J16: =G16*E16 -> 0 | K16: =I16+J16 -> 0
A17: SINAPI | B17: 88317 | C17: SOLDADOR COM ENCARGOS COMPLEMENTARES | D17: H | E17: 0.3 | H17: =F17+G17 -> 0 | I17: =F17*E17 -> 0 | J17: =G17*E17 -> 0 | K17: =I17+J17 -> 0
A18: SINAPI | B18: 88240 | C18: AJUDANTE DE ESTRUTURA METÁLICA COM ENCARGOS COMPLEMENTARES | D18: H | E18: 0.15 | H18: =F18+G18 -> 0 | I18: =F18*E18 -> 0 | J18: =G18*E18 -> 0 | K18: =I18+J18 -> 0
H19: TOTAL | I19: =SUM(I16:I18) -> 0 | J19: =SUM(J16:J18) -> 0 | K19: =SUM(K16:K18) -> 0
A21: COMP - 2
A22: PILARES METÁLICOS, TIPO TRELIÇADO, COM LIGAÇÕES SOLDADAS, INCLUSOS PERFIS METÁLICOS, CHAPAS METÁLICAS, PINTURA COM TINTA ALQUÍDICA DE FUNDO, MÃO DE OBRA E TRANSPORTE COM GUINDASTE - FORNECIMENTO E INSTALAÇÃO
A23: DESCRIÇÃO | B23: PILARES TRELIÇADOS | H23: UNIDADE | I23: KG
B24: COD | D24: UN | E24: QTD | F24: VALOR MAT+EQ | G24: VALOR M.O | H24: VALOR UN | I24: VT MAT+EQ | J24: VT M.O | K24: VT
A25: SINAPI | B25: 88240 | C25: AJUDANTE DE ESTRUTURA METÁLICA COM ENCARGOS COMPLEMENTARES | D25: H | E25: 0.0006 | H25: =F25+G25 -> 0 | I25: =F25*E25 -> 0 | J25: =G25*E25 -> 0 | K25: =I25+J25 -> 0
A26: SINAPI | B26: 88278 | C26: MONTADOR DE ESTRUTURA METÁLICA COM ENCARGOS COMPLEMENTARES | D26: H | E26: 0.0018 | H26: =F26+G26 -> 0 | I26: =F26*E26 -> 0 | J26: =G26*E26 -> 0 | K26: =I26+J26 -> 0
A27: SINAPI | B27: 88317 | C27: SOLDADOR COM ENCARGOS COMPLEMENTARES | D27: H | E27: 0.0046 | H27: =F27+G27 -> 0 | I27: =F27*E27 -> 0 | J27: =G27*E27 -> 0 | K27: =I27+J27 -> 0
A28: SINAPI | B28: 101010 | C28: CARGA, MANOBRA E DESCARGA DE PERFIL METÁLICO EM CAMINHÃO CARROCERIA COM GUINDAUTO (MUNCK) 11,7 TM. AF_07/2020 | D28: T | E28: 0.001 | H28: =F28+G28 -> 0 | I28: =F28*E28 -> 0 | J28: =G28*E28 -> 0 | K28: =I28+J28 -> 0
A29: SINAPI | B29: 100716 | C29: JATEAMENTO ABRASIVO COM GRANALHA DE AÇO EM PERFIL METÁLICO EM FÁBRICA. AF_01/2020 | D29: M2 | E29: 0.0461 | H29: =F29+G29 -> 0 | I29: =F29*E29 -> 0 | J29: =G29*E29 -> 0 | K29: =I29+J29 -> 0
A30: SINAPI | B30: 100719 | C30: PINTURA COM TINTA ALQUÍDICA DE FUNDO (TIPO ZARCÃO) PULVERIZADA SOBRE PERFIL METÁLICO EXECUTADO EM FÁBRICA (POR DEMÃO). AF_01/2020_PE | D30: M2 | E30: 0.0461 | H30: =F30+G30 -> 0 | I30: =F30*E30 -> 0 | J30: =G30*E30 -> 0 | K30: =I30+J30 -> 0
A31: ORSE-I | B31: 13073/ORSE | C31: PERFIL AÇO, U DOBRADO DE CHAPA - UDC SIMPLES - 100 X 50 X 3 MM (4.48 KG/M) | D31: M | E31: =1/4.48 -> 0.22321429 | H31: =F31+G31 -> 0 | I31: =F31*E31 -> 0 | J31: =G31*E31 -> 0 | K31: =I31+J31 -> 0
A32: ORSE | B32: 9818/ORSE | C32: Cantoneira de aço perfil "L" em abas iguais 1"x1"x1/8" - Rev. 01 | D32: M | E32: =1/1.19 -> 0.84033613 | H32: =F32+G32 -> 0 | I32: =F32*E32 -> 0 | J32: =G32*E32 -> 0 | K32: =I32+J32 -> 0
A33: SINAPI-I | B33: 10997 | C33: ELETRODO REVESTIDO AWS - E7018, DIAMETRO IGUAL A 4,00 MM | D33: KG | E33: 0.05 | H33: =F33+G33 -> 0 | I33: =F33*E33 -> 0 | J33: =G33*E33 -> 0 | K33: =I33+J33 -> 0
H34: TOTAL | I34: =SUM(I25:I33) -> 0 | J34: =SUM(J25:J33) -> 0 | K34: =SUM(K25:K33) -> 0
A36: COMP - 3
A37: VIGAS METÁLICAS, TIPO TRELIÇADA, COM LIGAÇÕES SOLDADAS, INCLUSOS PERFIS METÁLICOS, CHAPAS METÁLICAS, PINTURA COM TINTA ALQUÍDICA DE FUNDO, MÃO DE OBRA E TRANSPORTE COM GUINDASTE - FORNECIMENTO E INSTALAÇÃO
A38: DESCRIÇÃO | B38: TRELIÇA PARA FECHAMENTO LATERAL DE ESTRUTURA | H38: UNIDADE | I38: KG
B39: COD | D39: UN | E39: QTD | F39: VALOR MAT+EQ | G39: VALOR M.O | H39: VALOR UN | I39: VT MAT+EQ | J39: VT M.O | K39: VT
A40: SINAPI | B40: 88240 | C40: AJUDANTE DE ESTRUTURA METÁLICA COM ENCARGOS COMPLEMENTARES | D40: H | E40: 0.0012 | H40: =F40+G40 -> 0 | I40: =F40*E40 -> 0 | J40: =G40*E40 -> 0 | K40: =I40+J40 -> 0
A41: SINAPI | B41: 88278 | C41: MONTADOR DE ESTRUTURA METÁLICA COM ENCARGOS COMPLEMENTARES | D41: H | E41: 0.0018 | H41: =F41+G41 -> 0 | I41: =F41*E41 -> 0 | J41: =G41*E41 -> 0 | K41: =I41+J41 -> 0
A42: SINAPI | B42: 88317 | C42: SOLDADOR COM ENCARGOS COMPLEMENTARES | D42: H | E42: 0.05 | H42: =F42+G42 -> 0 | I42: =F42*E42 -> 0 | J42: =G42*E42 -> 0 | K42: =I42+J42 -> 0
A43: SINAPI | B43: 101010 | C43: CARGA, MANOBRA E DESCARGA DE PERFIL METÁLICO EM CAMINHÃO CARROCERIA COM GUINDAUTO (MUNCK) 11,7 TM. AF_07/2020 | D43: T | E43: 0.001 | H43: =F43+G43 -> 0 | I43: =F43*E43 -> 0 | J43: =G43*E43 -> 0 | K43: =I43+J43 -> 0
A44: SINAPI | B44: 100716 | C44: JATEAMENTO ABRASIVO COM GRANALHA DE AÇO EM PERFIL METÁLICO EM FÁBRICA. AF_01/2020 | D44: M2 | E44: 0.0461 | H44: =F44+G44 -> 0 | I44: =F44*E44 -> 0 | J44: =G44*E44 -> 0 | K44: =I44+J44 -> 0
A45: SINAPI | B45: 100719 | C45: PINTURA COM TINTA ALQUÍDICA DE FUNDO (TIPO ZARCÃO) PULVERIZADA SOBRE PERFIL METÁLICO EXECUTADO EM FÁBRICA (POR DEMÃO). AF_01/2020_PE | D45: M2 | E45: 0.0461 | H45: =F45+G45 -> 0 | I45: =F45*E45 -> 0 | J45: =G45*E45 -> 0 | K45: =I45+J45 -> 0
A46: ORSE | B46: 13073/ORSE | C46: PERFIL AÇO, U DOBRADO DE CHAPA - UDC SIMPLES - 100 X 50 X 3 MM (4.48 KG/M) | D46: M | E46: 0.2232 | H46: =F46+G46 -> 0 | I46: =F46*E46 -> 0 | J46: =G46*E46 -> 0 | K46: =I46+J46 -> 0
A47: ORSE | B47: 9818/ORSE | C47: Cantoneira de aço perfil "L" em abas iguais 1"x1"x1/8" - Rev. 01 | D47: M | E47: =1/1.19 -> 0.84033613 | H47: =F47+G47 -> 0 | I47: =F47*E47 -> 0 | J47: =G47*E47 -> 0 | K47: =I47+J47 -> 0
A48: SINAPI-I | B48: 10997 | C48: ELETRODO REVESTIDO AWS - E7018, DIAMETRO IGUAL A 4,00 MM | D48: KG | E48: 0.0005 | H48: =F48+G48 -> 0 | I48: =F48*E48 -> 0 | J48: =G48*E48 -> 0 | K48: =I48+J48 -> 0
H49: TOTAL | I49: =SUM(I40:I48) -> 0 | J49: =SUM(J40:J48) -> 0 | K49: =SUM(K40:K48) -> 0
A51: COMP - 4
A52: TESOURA METÁLICA TRELIÇADA DE COBERTURA, COM LIGAÇÕES SOLDADAS, INCLUSOS PERFIS METÁLICOS, CHAPAS METÁLICAS, PINTURA COM TINTA ALQUÍDICA DE FUNDO, MÃO DE OBRA E TRANSPORTE COM GUINDASTE - FORNECIMENTO E INSTALAÇÃO.
A53: DESCRIÇÃO | B53: TESOURAS TIPO SHED | H53: UNIDADE | I53: KG
B54: COD | D54: UN | E54: QTD | F54: VALOR MAT+EQ | G54: VALOR M.O | H54: VALOR UN | I54: VT MAT+EQ | J54: VT M.O | K54: VT
A55: SINAPI | B55: 88240 | C55: AJUDANTE DE ESTRUTURA METÁLICA COM ENCARGOS COMPLEMENTARES | D55: H | E55: 0.0012 | H55: =F55+G55 -> 0 | I55: =F55*E55 -> 0 | J55: =G55*E55 -> 0 | K55: =I55+J55 -> 0
A56: SINAPI | B56: 88278 | C56: MONTADOR DE ESTRUTURA METÁLICA COM ENCARGOS COMPLEMENTARES | D56: H | E56: 0.02 | H56: =F56+G56 -> 0 | I56: =F56*E56 -> 0 | J56: =G56*E56 -> 0 | K56: =I56+J56 -> 0
A57: SINAPI | B57: 88317 | C57: SOLDADOR COM ENCARGOS COMPLEMENTARES | D57: H | E57: 0.0046 | H57: =F57+G57 -> 0 | I57: =F57*E57 -> 0 | J57: =G57*E57 -> 0 | K57: =I57+J57 -> 0
A58: SINAPI | B58: 101010 | C58: CARGA, MANOBRA E DESCARGA DE PERFIL METÁLICO EM CAMINHÃO CARROCERIA COM GUINDAUTO (MUNCK) 11,7 TM. AF_07/2020 | D58: T | E58: 0.001 | H58: =F58+G58 -> 0 | I58: =F58*E58 -> 0 | J58: =G58*E58 -> 0 | K58: =I58+J58 -> 0
A59: SINAPI | B59: 100716 | C59: JATEAMENTO ABRASIVO COM GRANALHA DE AÇO EM PERFIL METÁLICO EM FÁBRICA. AF_01/2020 | D59: M2 | E59: 0.0461 | H59: =F59+G59 -> 0 | I59: =F59*E59 -> 0 | J59: =G59*E59 -> 0 | K59: =I59+J59 -> 0
A60: SINAPI | B60: 100719 | C60: PINTURA COM TINTA ALQUÍDICA DE FUNDO (TIPO ZARCÃO) PULVERIZADA SOBRE PERFIL METÁLICO EXECUTADO EM FÁBRICA (POR DEMÃO). AF_01/2020_PE | D60: M2 | E60: 0.0461 | H60: =F60+G60 -> 0 | I60: =F60*E60 -> 0 | J60: =G60*E60 -> 0 | K60: =I60+J60 -> 0
A61: ORSE | B61: 13073/ORSE | C61: PERFIL AÇO, U DOBRADO DE CHAPA - UDC SIMPLES - 100 X 50 X 3 MM (4.48 KG/M) | D61: M | E61: 0.2232 | H61: =F61+G61 -> 0 | I61: =F61*E61 -> 0 | J61: =G61*E61 -> 0 | K61: =I61+J61 -> 0
A62: ORSE | B62: 9818/ORSE | C62: Cantoneira de aço perfil "L" em abas iguais 1"x1"x1/8" - Rev. 01 | D62: M | E62: =1/1.19 -> 0.84033613 | H62: =F62+G62 -> 0 | I62: =F62*E62 -> 0 | J62: =G62*E62 -> 0 | K62: =I62+J62 -> 0
A63: SINAPI-I | B63: 10997 | C63: ELETRODO REVESTIDO AWS - E7018, DIAMETRO IGUAL A 4,00 MM | D63: KG | E63: 0.0005 | H63: =F63+G63 -> 0 | I63: =F63*E63 -> 0 | J63: =G63*E63 -> 0 | K63: =I63+J63 -> 0
H64: TOTAL | I64: =SUM(I55:I63) -> 0 | J64: =SUM(J55:J63) -> 0 | K64: =SUM(K55:K63) -> 0
C67: ASSINAR A PROPOSTA

Sheet CRONOGRAMA - OBRA
C3: UNIVERSIDADE ESTADUAL DO NORTE DO PARANÁ
C4: CNPJ: 08.885.100/0001-54
C5: OBRA: ADEQUAÇÕES NO ESTACIONAMENTO BIBLIOTECA - CCP
C6: Local: CAMPUS CORNÉLIO PROCÓPIO
C7: Data do orçamento:
C8: SINAPI_Referencia_PR_202608_SEM_DESONERAÇÃO
C9: INSERIR DADOS DA EMPRESA
A11: CRONOGRAMA FÍSICO- FINANCEIRO
B12: SERVIÇO/LOCAL | E12: MÊS 1 | G12: MÊS 2 | I12: MÊS 3 | K12: MÊS 4 | M12: MÊS 5 | O12: AC. %
C13: Valores | D13: % | E13: % | F13: R$ | G13: % | H13: R$ | I13: % | J13: R$ | K13: % | L13: R$ | M13: % | N13: R$
A14: 1 | B14: =VLOOKUP(A14,'ORÇAMENTO'!$A$2:$B$880,2,FALSE()) -> SERVIÇOS ADMINISTRATIVOS | C14: =VLOOKUP(A14,'ORÇAMENTO'!$A$2:$AX$891,14,FALSE()) -> 0 | D14: =C14/$C$23 -> #DIV/0! | E14: 0.2 | F14: =E14*$C14 -> 0 | G14: 0.2 | H14: =G14*$C14 -> 0 | I14: 0.2 | J14: =I14*$C14 -> 0 | K14: 0.2 | L14: =K14*$C14 -> 0 | M14: 0.2 | N14: =M14*$C14 -> 0 | O14: =SUM(M14,K14,I14,G14,E14,#REF!,#REF!) -> #REF! | P14: =E14+G14+I14+K14+M14 -> 1
A15: 2 | B15: =VLOOKUP(A15,'ORÇAMENTO'!$A$2:$B$880,2,FALSE()) -> SERVIÇOS PRELIMINARES | C15: =VLOOKUP(A15,'ORÇAMENTO'!$A$2:$AX$891,14,FALSE()) -> 0 | D15: =C15/$C$23 -> #DIV/0! | E15: 1 | F15: =E15*$C15 -> 0 | G15: 0 | H15: =G15*$C15 -> 0 | I15: 0 | J15: =I15*$C15 -> 0 | K15: 0 | L15: =K15*$C15 -> 0 | M15: 0 | N15: =M15*$C15 -> 0 | O15: =SUM(M15,K15,I15,G15,E15,#REF!,#REF!) -> #REF! | P15: =E15+G15+I15+K15+M15 -> 1
A16: 3 | B16: =VLOOKUP(A16,'ORÇAMENTO'!$A$2:$B$880,2,FALSE()) -> MOVIMENTAÇÃO DE TERRA | C16: =VLOOKUP(A16,'ORÇAMENTO'!$A$2:$AX$891,14,FALSE()) -> 0 | D16: =C16/$C$23 -> #DIV/0! | E16: 1 | F16: =E16*$C16 -> 0 | G16: 0 | H16: =G16*$C16 -> 0 | I16: 0 | J16: =I16*$C16 -> 0 | K16: 0 | L16: =K16*$C16 -> 0 | M16: 0 | N16: =M16*$C16 -> 0 | O16: =SUM(M16,K16,I16,G16,E16,#REF!,#REF!) -> #REF! | P16: =E16+G16+I16+K16+M16 -> 1
A17: 4 | B17: =VLOOKUP(A17,'ORÇAMENTO'!$A$2:$B$880,2,FALSE()) -> FUNDAÇÃO | C17: =VLOOKUP(A17,'ORÇAMENTO'!$A$2:$AX$891,14,FALSE()) -> 0 | D17: =C17/$C$23 -> #DIV/0! | E17: 0.25 | F17: =E17*$C17 -> 0 | G17: 0.75 | H17: =G17*$C17 -> 0 | I17: 0 | J17: =I17*$C17 -> 0 | K17: 0 | L17: =K17*$C17 -> 0 | M17: 0 | N17: =M17*$C17 -> 0 | O17: =SUM(M17,K17,I17,G17,E17,#REF!,#REF!) -> #REF! | P17: =E17+G17+I17+K17+M17 -> 1
A18: 5 | B18: =VLOOKUP(A18,'ORÇAMENTO'!$A$2:$B$880,2,FALSE()) -> ESTRUTURA METÁLICA | C18: =VLOOKUP(A18,'ORÇAMENTO'!$A$2:$AX$891,14,FALSE()) -> 0 | D18: =C18/$C$23 -> #DIV/0! | E18: 0 | F18: =E18*$C18 -> 0 | G18: 0.25 | H18: =G18*$C18 -> 0 | I18: 0.5 | J18: =I18*$C18 -> 0 | K18: 0.25 | L18: =K18*$C18 -> 0 | M18: 0 | N18: =M18*$C18 -> 0 | O18: =SUM(M18,K18,I18,G18,E18,#REF!,#REF!) -> #REF! | P18: =E18+G18+I18+K18+M18 -> 1
A19: 6 | B19: =VLOOKUP(A19,'ORÇAMENTO'!$A$2:$B$880,2,FALSE()) -> PISO | C19: =VLOOKUP(A19,'ORÇAMENTO'!$A$2:$AX$891,14,FALSE()) -> 0 | D19: =C19/$C$23 -> #DIV/0! | E19: 0 | F19: =E19*$C19 -> 0 | G19: 0.5 | H19: =G19*$C19 -> 0 | I19: 0.5 | J19: =I19*$C19 -> 0 | K19: 0 | L19: =K19*$C19 -> 0 | M19: 0 | N19: =M19*$C19 -> 0 | O19: =SUM(M19,K19,I19,G19,E19,#REF!,#REF!) -> #REF! | P19: =E19+G19+I19+K19+M19 -> 1
A20: 7 | B20: =VLOOKUP(A20,'ORÇAMENTO'!$A$2:$B$880,2,FALSE()) -> INSTALAÇÕES ELÉTRICAS | C20: =VLOOKUP(A20,'ORÇAMENTO'!$A$2:$AX$891,14,FALSE()) -> 0 | D20: =C20/$C$23 -> #DIV/0! | E20: 0.1 | F20: =E20*$C20 -> 0 | G20: 0.2 | H20: =G20*$C20 -> 0 | I20: 0 | J20: =I20*$C20 -> 0 | K20: 0.5 | L20: =K20*$C20 -> 0 | M20: 0.2 | N20: =M20*$C20 -> 0 | O20: =SUM(M20,K20,I20,G20,E20,#REF!,#REF!) -> #REF! | P20: =E20+G20+I20+K20+M20 -> 1
A21: 8 | B21: =VLOOKUP(A21,'ORÇAMENTO'!$A$2:$B$880,2,FALSE()) -> PINTURAS | C21: =VLOOKUP(A21,'ORÇAMENTO'!$A$2:$AX$891,14,FALSE()) -> 0 | D21: =C21/$C$23 -> #DIV/0! | E21: 0 | F21: =E21*$C21 -> 0 | G21: 0 | H21: =G21*$C21 -> 0 | I21: 0.25 | J21: =I21*$C21 -> 0 | K21: 0.5 | L21: =K21*$C21 -> 0 | M21: 0.25 | N21: =M21*$C21 -> 0 | O21: =SUM(M21,K21,I21,G21,E21,#REF!,#REF!) -> #REF! | P21: =E21+G21+I21+K21+M21 -> 1
A22: 9 | B22: =VLOOKUP(A22,'ORÇAMENTO'!$A$2:$B$880,2,FALSE()) -> FINALIZAÇÕES | C22: =VLOOKUP(A22,'ORÇAMENTO'!$A$2:$AX$891,14,FALSE()) -> 0 | D22: =C22/$C$23 -> #DIV/0! | E22: 0 | F22: =E22*$C22 -> 0 | G22: 0 | H22: =G22*$C22 -> 0 | I22: 0 | J22: =I22*$C22 -> 0 | K22: 0 | L22: =K22*$C22 -> 0 | M22: 1 | N22: =M22*$C22 -> 0 | O22: =SUM(M22,K22,I22,G22,E22,#REF!,#REF!) -> #REF! | P22: =E22+G22+I22+K22+M22 -> 1
B23: TOTAL | C23: =SUM(C14:C22) -> 0 | D23: =SUM(D14:D22) -> #DIV/0! | P23: =E23+G23+I23+K23+M23 -> 0
D25: R$ parcial (valor período) | E25: =SUM(F14:F23) -> 0 | G25: =SUM(H14:H23) -> 0 | I25: =SUM(J14:J23) -> 0 | K25: =SUM(L14:L23) -> 0 | M25: =SUM(N14:N23) -> 0
D26: %_parcial (período) | E26: =E25/C23 -> #DIV/0! | G26: =G25/$C23 -> #DIV/0! | I26: =SUM(I25/$C$23) -> #DIV/0! | K26: =SUM(K25/$C$23) -> #DIV/0! | M26: =SUM(M25/$C$23) -> #DIV/0!
D27: R$_ acumulado | E27: =E25 -> 0 | G27: =G25+E25 -> 0 | I27: =I25+G27 -> 0 | K27: =K25+I27 -> 0 | M27: =M25+K27 -> 0
D28: %_acumulado | E28: =E26 -> #DIV/0! | G28: =E26+G26 -> #DIV/0! | I28: =I26+G28 -> #DIV/0! | K28: =K26+I28 -> #DIV/0! | M28: =M26+K28 -> #DIV/0!
B33: ASSINAR A PROPOSTA

Sheet BDI
D3: UNIVERSIDADE ESTADUAL DO NORTE DO PARANÁ
D4: CNPJ: 08.885.100/0001-54
D5: OBRA: ADEQUAÇÕES NO ESTACIONAMENTO BIBLIOTECA - CCP
D6: Local: CAMPUS CORNÉLIO PROCÓPIO
D7: Data do orçamento:
D8: SINAPI_Referencia_PR_202608_SEM_DESONERAÇÃO
D9: INSERIR DADOS DA EMPRESA
A11: COMPOSIÇÃO DO BDI
A12: CUSTO TOTAL DO SERVIÇO (R$)
A13: ITEM | B13: DISCRIMINAÇÃO | E13: VALOR | F13: TAXA (%) | G13: OBSERVAÇÃO | H13: SITUAÇÃO DO INTERVALO ADMISSÍVEL | I13: PARCELAS DO BDI (%)
I14: 1 QUARTIL | J14: MÉDIO | K14: 3 QUARTIL
A15: 1 | B15: AC – ADMINISTRAÇÃO CENTRAL | F15: 0.03 | H15: OK | I15: 0.03 | J15: 0.04 | K15: 0.055
A16: 2 | B16: SG – SEGUROS + GARANTIA | F16: 0.008 | H16: OK | I16: 0.008 | J16: 0.008 | K16: 0.01
A17: 3 | B17: R – RISCOS | F17: 0.0097 | H17: OK | I17: 0.0097 | J17: 0.0127 | K17: 0.0127
A18: 4 | B18: DF – DESPESAS FINANCEIRAS | F18: 0.0059 | H18: OK | I18: 0.0059 | J18: 0.0123 | K18: 0.0139
A19: 5 | B19: L – LUCRO BRUTO | F19: 0.0625 | H19: OK | I19: 0.0616 | J19: 0.074 | K19: 0.0896
A20: 6 | B20: I – IMPOSTOS | F20: =SUM(F21:F24) -> 0.0665 | G20: FÓRMULA DO BDI DE ACORDO COM ACÓRDÃO 2.369/2011-TCU- PLENÁRIO
A21: 43836 | B21: PIS | F21: 0.0065
A22: 43867 | B22: COFINS | F22: 0.03
A23: 43896 | B23: ISS (CONFORME LEGISLAÇÃO MUNICIPAL) | F23: 0.03
A24: 43927 | B24: CONTRIB. PREVIDÊNCIA SOBRE RECEITA BRUTA – CPRB | F24: 0
A26: TOTAL DO BDI (R$)
A27: PREÇO DE VENDA (R$) | G27: ONDE:
A28: BDI (%) | F28: =(((1+(F15+F16+F17))*(1+F18)*(1+F19))/(1-F20))-1 -> 0.19951689 | G28: AC : TAXA DE ADMINISTRAÇÃO CENTRAL
A29: Parâmetros do Acórdão 2.622/2013 - Plenário | G29: S: TAXA DE SEGURO
A30: Sem CPRB | B30: 0.2034 | C30: 0.2212 | D30: 0.25 | G30: G: TAXA DE GARANTIAS
A31: Com CPRB | B31: 0.2601 | C31: 0.2787 | D31: 0.3089 | G31: R: TAXA DE RISCOS
G32: DF: TAXA DE DESPESAS
G33: L: TAXA DE LUCRO
G34: I: TAXA DE INCIDÊNCIA DE IMPOSTOS (PIS, COFINS, ISS, CPRB)
A38: COMPOSIÇÃO DO BDI REDUZIDO
A39: CUSTO TOTAL DO SERVIÇO (R$)
A40: ITEM | B40: DISCRIMINAÇÃO | E40: VALOR | F40: TAXA (%) | G40: OBSERVAÇÃO | H40: SITUAÇÃO DO INTERVALO ADMISSÍVEL | I40: PARCELAS DO BDI (%)
I41: 1 QUARTIL | J41: MÉDIO | K41: 3 QUARTIL
A42: 1 | B42: AC – ADMINISTRAÇÃO CENTRAL | F42: 0.015 | H42: =IF(AND(F42>=I42,F42<=K42),"OK","DIFERE") -> OK | I42: 0.015 | J42: 0.0345 | K42: 0.0449
A43: 2 | B43: SG – SEGUROS + GARANTIA | F43: 0.003 | H43: =IF(AND(F43>=I43,F43<=K43),"OK","DIFERE") -> OK | I43: 0.003 | J43: 0.0048 | K43: 0.0082
A44: 3 | B44: R – RISCOS | F44: 0.0056 | H44: =IF(AND(F44>=I44,F44<=K44),"OK","DIFERE") -> OK | I44: 0.0056 | J44: 0.0085 | K44: 0.0089
A45: 4 | B45: DF – DESPESAS FINANCEIRAS | F45: 0.0085 | H45: =IF(AND(F45>=I45,F45<=K45),"OK","DIFERE") -> OK | I45: 0.0085 | J45: 0.0085 | K45: 0.0111
A46: 5 | B46: L – LUCRO BRUTO | F46: 0.0352 | H46: =IF(AND(F46>=I46,F46<=K46),"OK","DIFERE") -> OK | I46: 0.035 | J46: 0.0511 | K46: 0.0622
A47: 6 | B47: I – IMPOSTOS | F47: =SUM(F48:F51) -> 0.0365 | G47: FÓRMULA DO BDI DE ACORDO COM ACÓRDÃO 2.369/2011-TCU- PLENÁRIO
A48: 43836 | B48: PIS | F48: 0.0065
A49: 43867 | B49: COFINS | F49: 0.03
A50: 43896 | B50: ISS (CONFORME LEGISLAÇÃO MUNICIPAL) | F50: 0
A51: 43927 | B51: CONTRIB. PREVIDÊNCIA SOBRE RECEITA BRUTA – CPRB | F51: 0
A53: TOTAL DO BDI (R$)
A54: PREÇO DE VENDA (R$) | G54: ONDE:
A55: BDI (%) | F55: =(((1+(F42+F43+F44))*(1+F45)*(1+F46))/(1-F47))-1 -> 0.10912048 | G55: AC : TAXA DE ADMINISTRAÇÃO CENTRAL
G56: S: TAXA DE SEGURO
A57: Parâmetros do Acórdão 2.622/2013 - Plenário | G57: G: TAXA DE GARANTIAS
A58: Sem CPRB | B58: 0.111 | C58: 0.1402 | D58: 0.168 | G58: R: TAXA DE RISCOS
A59: Com CPRB | B59: 0.1634 | C59: 0.1939 | D59: 0.223 | G59: DF: TAXA DE DESPESAS
G60: L: TAXA DE LUCRO
G61: I: TAXA DE INCIDÊNCIA DE IMPOSTOS (PIS, COFINS, ISS, CPRB)
A62: OBS: Para o BDI reduzido, considerou-se nulo o ISS e uma parcela reduzida para administração central e lucro para remunerar os custos inerentes às aquisições e armazenamento por parte da empresa contratada, por isso o valor da taxa de BDI é menor do que a que foi adotada para o restante do orçamento da obra.
B67: ASSINAR A PROPOSTA
